 Dungeon Crawl Stone Soup version 0.31-a0-496-g6f97920a28 (webtiles) character file.

Game seed: 4349057171621145388

256 jt the Changeling (level 5, 0/40 HPs)
             Began as a Demonspawn Shapeshifter on Aug 8, 2023.
             Slain by an orc
             ... wielding a +0 mace
              (5 damage)
             ... on level 3 of the Dungeon.
             The game lasted 00:10:19 (3051 turns).

jt the Changeling (Demonspawn Shapeshifter)         Turns: 3051, Time: 00:10:20

Health: 0/40       AC:  3    Str: 16    XL:     5   Next: 92%
Magic:  5/5        EV: 11    Int: 11    God:
Gold:   109        SH:  0    Dex: 13    Spells: 2/4 levels left

rFire   + .          .
                       - Unarmed
rCold   + . .        (no shield)
rNeg    . . .        e - +0 leather armour
rPois   +            (helmet currently unavailable)
rElec   +            (cloak currently unavailable)
rCorr   +            (gloves currently unavailable)
SInv    .            (boots currently unavailable)
Will    +....        (no amulet)
Stlth   +            f - ring of willpower
HPRegen 0.26/turn    (no ring)
MPRegen 0.09/turn

%: no passive effects
@: mighty, beast-form, resistant
A: beast (slay +2), claws 1, demonic magic 1
a: Begin Untransformation


You were on level 3 of the Dungeon.
You were a hulking beast.
You visited 1 branch of the dungeon, and saw 3 of its levels.

You collected 109 gold pieces.

Inventory:

Hand Weapons
 l - a +0 short sword
 m - a +0 halberd
 n - a +0 spear
 r - a +0 flail
 y - a +0 shortbow
Missiles
 b - a throwing net
 k - 19 stones
Armour
 a - a +0 animal skin
 e - a +0 leather armour (worn)
 j - a +0 tower shield
Magical Staves
 q - a staff of conjuration
Jewellery
 f - a ring of willpower (left claw)
Talismans
 c - a beast talisman (active)
 d - a flux talisman
 h - a serpent talisman
Scrolls
 g - a scroll of revelation
 p - a scroll of fog
 s - a scroll of immolation
 B - a scroll of blinking {unknown}
Potions
 i - a potion of curing
 o - 2 potions of attraction
 z - a potion of haste


   Skills:
 + Level 2.8 Fighting
 - Level 1.0 Throwing
 - Level 1.7 Dodging
 - Level 0.4 Stealth
 + Level 3.6 Unarmed Combat
 * Level 4.1 Shapeshifting


You had 2 spell levels left.
You knew the following spells:

 Your Spells              Type           Power      Damage    Failure   Level
a - Scorch                Fire           0%         2d5       54%         2

Your spell library contained the following spells:

 Spells                   Type           Power      Damage    Failure   Level
 Animate Dead             Necr           0%         N/A       99%         4
 Flame Wave               Conj/Fire      0%         2d4       99%         4
 Borgnjor's Vile Clutch   Necr/Erth      0%         N/A       100%        5
 Death Channel            Necr           0%         N/A       100%        6
 Summon Cactus Giant      Summ           0%         N/A       100%        6


Dungeon Overview and Level Annotations

Branches:
Dungeon (3/15)

Altars:

Shops:
D:2 :


Innate Abilities, Weirdness & Mutations

You are a hulking beast.
Your limbs bulge with bestial killing power. (Slay +2)
You have sharp fingernails.
Spells you cast may paralyse adjacent enemies.


Message History

Okay, then.
You scratch the orc priest.
The orc priest is moderately wounded.
The orc hits you with a +0 club. The orc priest misses you.
The orc wizard casts a spell.
The orc wizard flickers and vanishes!
Deactivating autopickup; reactivate with Ctrl-A.
The orc hits you with a +0 mace.
You claw the orc priest!
The orc priest is severely wounded.
The orc misses you.
The orc priest hits you but does no damage.
Something hits you. The orc hits you with a +0 mace!
Unknown command.
You barely miss the orc priest.
The orc priest is severely wounded.
The orc closely misses you.
The orc priest invokes the aid of Beogh against you.
You resist with some effort. Something completely misses you.
The orc hits you with a +0 mace.
Okay, then.
You claw the orc priest!
You kill the orc priest!
The orc hits you with a +0 club.
* * * LOW HITPOINT WARNING * * *
Something hits you.
* * * LOW HITPOINT WARNING * * *
The orc hits you with a +0 mace.
* * * LOW HITPOINT WARNING * * *
It was a potion of resistance.
You feel protected. The orc hits you with a +0 club.
* * * LOW HITPOINT WARNING * * *
Something hits you.
* * * LOW HITPOINT WARNING * * *
The orc misses you.
As you read the scroll labelled CIATATUHE IFAE, it crumbles to dust.
Wisps of shadow whirl around you...
It was a scroll of summoning.
The orc barely misses you. The orc hits you with a +0 mace.
You die...

##'## ###.#....#....#....#...
##...#####.....#...#.....#...#.
##.....#....#.#.......#.#.......
##..>.....#.......#.#.......#.#.#
#...........#...#.....#...#.....
+.........+.?†#....#....#....#..
#.........#.#.rB#J....#...#.....
##.......##.....oo#.#...... #.#.
##.....####.#.#hol....#.# ..
##...## #...{.#...#.... ##'##
##.#....#....# #.# #....#...#..
#####.#### ##.#...#...#
#........# #...#.# #....
#.##...#.# #..##.# ###
#.#......#####.###.#
..#................#


You could see 3 orcs, a friendly endoplasm (summoned), a friendly giant
cockroach (summoned), a friendly frilled lizard (summoned) and a friendly rat
(summoned).

Vanquished Creatures
  An orc priest (D:3)
  2 orc wizards (D:3)
  6 gnolls
  6 adders
  3 worms
  2 dart slugs (D:1)
  An orc (D:3)
  4 bats
  5 endoplasms
  2 giant cockroaches (D:1)
  7 hobgoblins
  A quokka (D:2)
  7 ball pythons
  A frilled lizard (D:1)
  2 goblins
  3 kobolds
  7 rats
60 creatures vanquished.

Notes
Turn   | Place    | Note
-------+----------+-------------------------------------------
     0 | D:1      | jt the Demonspawn Shapeshifter began the quest for the Orb.
     0 | D:1      | Reached XP level 1. HP: 15/15 MP: 1/1
   109 | D:1      | Gained mutation: Spells you cast may paralyse adjacent
                  | enemies. [demonic ancestry]
   109 | D:1      | Reached XP level 2. HP: 21/21 MP: 2/2
   342 | D:1      | Reached skill level 3 in Shapeshifting
   516 | D:1      | Gained mutation: You have sharp fingernails. [demonic
                  | ancestry]
   516 | D:1      | Reached XP level 3. HP: 21/26 MP: 3/3
   799 | D:2      | Found Domebb's Book Emporium.
  1173 | D:2      | Reached XP level 4. HP: 32/33 MP: 4/4
  2097 | D:3      | Reached XP level 5. HP: 31/38 MP: 5/5
  2717 | D:3      | Reached skill level 4 in Shapeshifting
  2722 | D:3      | Reached skill level 1 in Throwing
  2921 | D:3      | Learned a level 2 spell: Scorch
  3051 | D:3      | Slain by an orc

Illustrated notes

Levels and vault maps discovered:
D:1:      nicolae_arrival_memento_mori, layout_loops_ring
D:2:      layout_loops_ring, serial_shops, shop, minivault_19,
          minmay_misc_feat_plants, minmay_tromino_v7
D:3:      layout_loops_corners, nicolae_kite_square_tiling_tiny,
          kennysheep_generic_room_13, uniq_jessica

Skill      XL: |  1  2  3  4  5 |
---------------+----------------+-----
Shapeshifting  | 3 4 |  4.1
Unarmed Combat | 3 |  3.6
Fighting       | 2 |  2.8
Throwing       | 1 |  1.0
Dodging        | |  1.7
Stealth        | |  0.4

Action                     |  1- 3 |  4- 6 || total
---------------------------+-------+-------++-------
  Melee: Unarmed           |   100 |    87 ||   187
         Punch             |     4 |     1 ||     5
         Spear             |       |     6 ||     6
   Fire: Shortbow          |       |     2 ||     2
  Throw: Dart              |       |    18 ||    18
         Stone             |       |     4 ||     4
    Use: Potion            |     1 |     7 ||     8
         Scroll            |       |     5 ||     5
   Stab: Sleeping          |     1 |       ||     1
 Armour: Leather armour    |    28 |    13 ||    41
         Skin              |       |     6 ||     6
  Dodge: Dodged            |    47 |    28 ||    75

Table legend: (Time is in decaauts)
 A = Elapsed time spent in this place.
 B = Non-inter-level travel time spent in this place.
 C = Inter-level travel time spent in this place.
 D = Time resting spent in this place.
 E = Time spent auto-exploring this place.
 F = Levels seen in this place.
 G = Mean time per level.
                   A        B        C        D        E       F      G
               +--------+--------+--------+--------+--------+-----+--------+
         Total |   3019 |   2942 |     77 |    669 |   1346 |   3 | 1006.3 |
       Dungeon |   3019 |   2942 |     77 |    669 |   1346 |   3 | 1006.3 |
               +--------+--------+--------+--------+--------+-----+--------+

Top non-repeatable levels by time:
     D:2: 1240 daAuts
     D:3: 957 daAuts
     D:1: 820 daAuts
